 Dungeon Crawl Stone Soup version 0.27-a0-1502-g47ed6a6988 (webtiles) character file.

Game seed: 15601495625276032372

202 Spaninq the Chopper (level 5, -1/67 (70) HPs)
             Began as a Hill Orc Delver on July 8, 2021.
             Slain by a wight (4 damage)
             ... on level 3 of the Dungeon.
             The game lasted 00:08:36 (2137 turns).

Spaninq the Chopper (Hill Orc Delver)               Turns: 2137, Time: 00:08:37

HP:   -1/67 (70)    AC: 22    Str: 16    XL:     5   Next: 80%
MP:   5/5           EV:  2    Int: 10    God:
Gold: 89            SH:  0    Dex: 12    Spells: 3/4 levels left

rFire    . . .     SeeInvis .   o - +0 war axe (freeze)
rCold    . . .     Faith    .   (no shield)
rNeg     + + +     Spirit   .   (armour currently unavailable)
rPois    +         Reflect  .   (helmet currently unavailable)
rElec    .         Harm     .   (cloak currently unavailable)
rCorr    .         Rampage  .   (gloves currently unavailable)
Will     +....     NoTele   +   (boots currently unavailable)
Stlth    ++........             (no amulet)
HPRegen  0.21/turn              q - ring of willpower
MPRegen  0.09/turn              v - ring of flight

@: tree-form, lightly drained
A: stationary, stasis, torment immunity, boosted hp
a: no special abilities


You were on level 3 of the Dungeon.
You were a tree.
You visited 1 branch of the dungeon, and saw 5 of its levels.

You collected 89 gold pieces.

Inventory:

Hand Weapons
 a - a +0 hand axe
 o - a +0 war axe of freezing (weapon)
Armour
 k - a +0 cloak (melded)
 l - a +0 pair of boots (melded)
 m - a +0 ring mail (melded)
 r - a +0 helmet (melded)
 s - a +0 scale mail
Jewellery
 q - a ring of willpower (left branch)
 t - a +6 ring of intelligence
 v - a ring of flight (right branch)
Wands
 g - a wand of digging (3)
Scrolls
 c - a scroll of fog
 d - 2 scrolls of magic mapping
 e - 2 scrolls of fear
 h - a scroll of immolation {unknown}
 j - a scroll of identify
Potions
 b - a potion of lignification
 f - a potion of haste
 i - a potion of cancellation {unknown}
 n - a potion of degeneration {unknown}
 p - a potion of magic {unknown}
 u - a potion of ambrosia {unknown}


   Skills:
 + Level 4.8 Fighting
 * Level 5.8 Axes
 + Level 2.6 Armour
 - Level 1.5 Dodging
 - Level 4.1 Stealth


You had 3 spell levels left.
You knew the following spells:

 Your Spells              Type           Power      Damage    Failure   Level
a - Apportation           Tloc           0%         N/A       36%         1

Your spell library contained the following spells:

 Spells                   Type           Power      Damage    Failure   Level
 Animate Skeleton         Necr           0%         N/A       36%         1
 Corona                   Hex            0%         N/A       36%         1
 Summon Small Mammal      Summ           0%         N/A       36%         1
 Frozen Ramparts          Ice            0%         1d2       75%         3
 Ice Form                 Ice/Tmut       0%         N/A       98%         4
 Summon Ice Beast         Ice/Summ       0%         N/A       98%         4


Dungeon Overview and Level Annotations

Branches:
Dungeon (5/15)
 Temple: D:4-7

Altars:
Qazlal

Shops:
D:3 (


Message History

The wight is moderately damaged.
The wight hits you with a +1 dagger of speed.
You feel drained.
The wight hits you with a +1 dagger of speed.
You barely miss the wight.
The wight is moderately damaged.
The wight hits you but does no damage.
The wight hits you with a +1 dagger of speed.
You feel drained.
You hit the wight.
The wight is severely damaged.
The wight barely misses you.
The wight hits you with a +1 dagger of speed.
You hit the wight.
The wight is almost destroyed.
The wight hits you with a +1 dagger of speed.
The wight closely misses you.
You hit the wight but do no damage.
The wight is almost destroyed.
The wight hits you with a +1 dagger of speed. x2
You feel drained.
You hit the wight.
You destroy the wight!
You closely miss the wight. The wight barely misses you.
You slash the wight!
The wight is severely damaged.
The wight hits you with a +3 long sword.
The wight hits you with a +3 long sword!
* * * LOW HITPOINT WARNING * * *
You hit the wight.
The wight is severely damaged.
The wight hits you with a +3 long sword!
* * * LOW HITPOINT WARNING * * *
Really quaff the potion of lignification?
You turn into a tree.
Your +0 cloak melds into your body.
Your +0 helmet melds into your body.
Your +0 pair of boots melds into your body.
Your +0 ring mail melds into your body.
Your roots penetrate the ground.
The wight hits you with a +3 long sword.
You die...

##+#....#.####.#
............ #.# ..
##[#.#>..... '.# .###
...#.#.......#.# ...# #
##.#.#.......#.# ...#.##
...#.#.......#.# .......
##.#.#..#+####.# .......
#.#.#.......#.####.......
##.#.#..........♣z..# ...#
#..........###...[...
≈..#.#.#........###.......
≈..#.......†..............
≈..###.#.....#.####.......
≈..# ##.####.# .......
≈..# #.# #.# ....... ...#
#.# #.# .#.#### §..#
#.####.####.#.


You could see a wight.

Vanquished Creatures
  2 wights (D:3)
  4 gnolls (D:3)
  2 adders
  A worm (D:2)
  An orc (D:3)
  7 bats
  7 endoplasms
  3 giant cockroaches
  5 goblins
  3 hobgoblins
  6 jackals (D:2)
  5 kobolds
  A quokka (D:2)
  8 ball pythons
  2 frilled lizards
  7 rats
64 creatures vanquished.

Notes
Turn   | Place    | Note
-------+----------+-------------------------------------------
     0 | D:5      | Spaninq the Hill Orc Delver began the quest for the Orb.
     0 | D:5      | Reached XP level 1. HP: 19/19 MP: 1/1
    36 | D:5      | Noticed an iguana
    48 | D:5      | Noticed a scorpion
   199 | D:3      | Reached skill level 3 in Axes
   278 | D:3      | Found a stormy altar of Qazlal.
   288 | D:2      | Reached XP level 2. HP: 27/27 MP: 2/2
   357 | D:2      | Reached skill level 1 in Armour
   392 | D:2      | Reached XP level 3. HP: 30/33 MP: 3/3
   505 | D:2      | Reached skill level 4 in Axes
   585 | D:1      | Found a faded altar of an unknown god.
   585 | D:1      | Noticed a great orb of eyes
   590 | D:1      | Noticed a floating eye
   594 | D:1      | Noticed a great orb of eyes
   594 | D:1      | Noticed a shining eye
   699 | D:1      | Learned a level 1 spell: Apportation
  1190 | D:1      | Reached XP level 4. HP: 39/40 MP: 4/4
  1606 | D:3      | Found Ruoqil's Antique Weapon Emporium.
  1662 | D:3      | Reached skill level 5 in Axes
  1663 | D:3      | Reached XP level 5. HP: 20/47 MP: 5/5
  2136 | D:3      | HP: 2/45 [wight (8)]
  2137 | D:3      | Slain by a wight

Illustrated notes

Levels and vault maps discovered:
D:1:      heliophobic_arrival_dark_side_of_the_moon, layout_basic,
          hellmonk_ecumenical_altar_watching_god, st_stairs_12,
          roderic_lattice_a, fountainhead, grunt_decor_cap
D:2:      layout_basic
D:3:      layout_basic, mainiacjoe_overflow_brackets, serial_shops, shop
D:4:      layout_loops_ring, nicolae_dithmenos_through_a_glass_darkly,
          uniq_grinder
D:5:      layout_gridville

Skill      XL: |  1  2  3  4 |
---------------+-------------+-----
Axes           | 3 4 5 |  5.8
Armour         | 1 2 |  2.6
Fighting       | 4 |  4.8
Dodging        | |  1.5
Stealth        | |  4.1

Action                   |  1- 3 |  4- 6 || total
-------------------------+-------+-------++-------
Melee: Hand axe          |     9 |       ||     9
       War axe           |    82 |    63 ||   145
  Use: Scroll            |       |     4 ||     4
       Potion            |       |     1 ||     1
 Stab: Sleeping          |     8 |     1 ||     9
Armor: Ring mail         |    48 |    21 ||    69
Dodge: Dodged            |    57 |    42 ||    99

Table legend: (Time is in decaauts)
 A = Elapsed time spent in this place.
 B = Non-inter-level travel time spent in this place.
 C = Inter-level travel time spent in this place.
 D = Time resting spent in this place.
 E = Time spent auto-exploring this place.
 F = Levels seen in this place.
 G = Mean time per level.
                   A        B        C        D        E       F      G
               +--------+--------+--------+--------+--------+-----+--------+
         Total |   2181 |   2128 |     53 |    177 |   1247 |   5 |  436.2 |
       Dungeon |   2181 |   2128 |     53 |    177 |   1247 |   5 |  436.2 |
               +--------+--------+--------+--------+--------+-----+--------+

Top non-repeatable levels by time:
     D:1: 731 daAuts
     D:3: 729 daAuts
     D:2: 595 daAuts
     D:5: 67 daAuts
     D:4: 58 daAuts
